AA
FREDERICK STARS @ CAMDEN SAND TIGERS
08/11/2059
 
TOP OF THE 1ST
Frederick Stars batting - Pitching for Camden Sand Tigers : RHP Hazen Reyes
Pitching: RHP Hazen Reyes
Batting: RHB Mitchell Metz 0-0: Ball
1-0: Ground out 5-3 (Groundball, 56, EV 90.6 MPH)
Batting: RHB Wyatt Merica 0-0: Ball
1-0: Ball
2-0: Ball
3-0: Base on Balls
Batting: LHB Brad Moore 0-0: Ball
1-0: Ball
2-0: Ball
3-0: Called Strike
3-1: Base on Balls
Wyatt Merica to second
Batting: RHB Morgan McManus 0-0: Called Strike
0-1: Called Strike
0-2: Foul Ball, location: 2F
0-2: Ball
1-2: Foul Ball, location: 2F
1-2: Ball
2-2: SINGLE (Flyball, 8LS, EV 90.0 MPH)
Wyatt Merica to third
Brad Moore to second
Runner from 3rd tries for Home, throw by CF and OUT! 8-2
Batting: RHB Fabyon Choi 0-0: Fielders Choice at 2nd, 5-4 (Groundball, 56, EV 83.8 MPH)
Top of the 1st over - 0 runs, 1 hit, 0 errors, 2 left on base; Frederick 0 - Camden 0
BOTTOM OF THE 1ST
Camden Sand Tigers batting - Pitching for Frederick Stars : RHP Andy Wilson
Pitching: RHP Andy Wilson
Batting: SHB Jared Manning 0-0: Ball
1-0: Ball
2-0: Foul Ball, location: 2F
2-1: Swinging Strike
2-2: Strikes out swinging
Batting: RHB Justyn Wylie 0-0: SOLO HOME RUN (Flyball, 7LD, EV 91.9 MPH), Distance : 341 ft
Batting: SHB Evan Doyon 0-0: Called Strike
0-1: Fly out, F8 (Flyball, 78M, EV 91.9 MPH)
Batting: RHB Cale Bacon 0-0: Ball
1-0: SINGLE (Line Drive, 4D, EV 95.6 MPH)
Batting: LHB Cody Griggs 0-0: Called Strike
Cale Bacon steals 2nd, throwing error, E2
Cale Bacon to third
0-1: Ball
1-1: Swinging Strike
1-2: Foul Ball, location: 2F
1-2: 2-RUN HOME RUN (Line Drive, 9D, EV 100.0 MPH), Distance : 380 ft
Batting: RHB Arel Dennis 0-0: Swinging Strike
0-1: SINGLE (Groundball, 6MD, EV 86.2 MPH) (infield hit)
Batting: LHB Bradley Campbell 0-0: Called Strike
0-1: Foul Ball, location: 2F
0-2: Ball
1-2: Foul Ball, location: 2F
1-2: Strikes out looking
Bottom of the 1st over - 3 runs, 4 hits, 1 error, 1 left on base; Frederick 0 - Camden 3
TOP OF THE 2ND
Frederick Stars batting - Pitching for Camden Sand Tigers : RHP Hazen Reyes
Batting: RHB Orion Roby 0-0: Ball
1-0: Ball
2-0: Called Strike
2-1: Foul Ball, location: 2F
2-2: Ground out 5-3 (Groundball, 56, EV 84.4 MPH)
Batting: LHB Harrison Ruto 0-0: Ball
1-0: Called Strike
1-1: Called Strike
1-2: Ball
2-2: Ball
3-2: Foul Ball, location: 2F
3-2: Strikes out swinging
Batting: RHB Carston Abidugun 0-0: Ground out 6-3 (Groundball, 6M, EV 88.8 MPH)
Top of the 2nd over - 0 runs, 0 hits, 0 errors, 0 left on base; Frederick 0 - Camden 3
BOTTOM OF THE 2ND
Camden Sand Tigers batting - Pitching for Frederick Stars : RHP Andy Wilson
Batting: RHB Devin Brazelton 0-0: Called Strike
0-1: Foul Ball, location: 2F
0-2: Ball
1-2: Fly out, F5 (Line Drive, 5L, EV 71.9 MPH)
Batting: RHB Sylvester Krantz 0-0: Called Strike
0-1: Called Strike
0-2: Foul Ball, location: 2F
0-2: Strikes out swinging
Batting: SHB Jared Manning 0-0: Ball
1-0: Called Strike
1-1: Foul Ball, location: 2F
1-2: Ball
2-2: Foul Ball, location: 2F
2-2: TRIPLE (Line Drive, 89XD, EV 111.9 MPH)
Batting: RHB Justyn Wylie 0-0: Called Strike
0-1: Called Strike
0-2: Ball
1-2: Strikes out swinging
Bottom of the 2nd over - 0 runs, 1 hit, 0 errors, 1 left on base; Frederick 0 - Camden 3
TOP OF THE 3RD
Frederick Stars batting - Pitching for Camden Sand Tigers : RHP Hazen Reyes
Batting: SHB Lane Nixon 0-0: SINGLE (Line Drive, 7S, EV 110.0 MPH)
Batting: RHB Mitchell Metz 0-0: Ball
1-0: Grounds into double play, U6-3 (Groundball, 4M, EV 78.8 MPH)
Batting: RHB Wyatt Merica 0-0: Called Strike
0-1: Foul Ball, location: 2F
0-2: Fly out, F7 (Flyball, 7D, EV 78.8 MPH)
Top of the 3rd over - 0 runs, 1 hit, 0 errors, 0 left on base; Frederick 0 - Camden 3
BOTTOM OF THE 3RD
Camden Sand Tigers batting - Pitching for Frederick Stars : RHP Andy Wilson
Batting: SHB Evan Doyon 0-0: SINGLE (Groundball, 56D, EV 105.6 MPH)
Batting: RHB Cale Bacon 0-0: Ball
1-0: Ball
2-0: SINGLE (Line Drive, 6MD, EV 95.0 MPH)
Evan Doyon to second
Batting: LHB Cody Griggs 0-0: Ball
1-0: Ball
2-0: Called Strike
2-1: Called Strike
2-2: Foul Ball, location: 2F
2-2: Foul Ball, location: 2F
2-2: Strikes out looking
Batting: RHB Arel Dennis 0-0: 3-RUN HOME RUN (Flyball, 9D, EV 96.2 MPH), Distance : 365 ft
Batting: LHB Bradley Campbell 0-0: Ball
1-0: DOUBLE (Flyball, 8LXD, EV 103.8 MPH)
Pitching: RHP Elias Krause
Batting: RHB Devin Brazelton 0-0: Ball
1-0: Foul Ball, location: 2F
1-1: SINGLE (Line Drive, 78S, EV 110.0 MPH)
Bradley Campbell to third
Batting: RHB Sylvester Krantz 0-0: Foul Ball, location: 2F
0-1: Foul Ball, location: 2F
Balk!
Bradley Campbell scores
Devin Brazelton to second
0-2: Ball
1-2: Ball
2-2: Strikes out swinging
Batting: SHB Jared Manning 0-0: Ball
1-0: Foul Ball, location: 2F
1-1: Ball
2-1: Called Strike
2-2: Ball
3-2: Base on Balls
Batting: RHB Justyn Wylie 0-0: Fielders Choice at 2nd, 6-4 (Groundball, 6, EV 81.2 MPH)
Bottom of the 3rd over - 4 runs, 5 hits, 0 errors, 2 left on base; Frederick 0 - Camden 7
TOP OF THE 4TH
Frederick Stars batting - Pitching for Camden Sand Tigers : RHP Hazen Reyes
Batting: LHB Brad Moore 0-0: Fly out, F9 (Flyball, 9, EV 86.9 MPH)
Batting: RHB Morgan McManus 0-0: Called Strike
0-1: Called Strike
0-2: SINGLE (Groundball, 6MD, EV 96.2 MPH)
Batting: RHB Fabyon Choi 0-0: Ball
1-0: Foul Ball, location: 2F
1-1: Ball
2-1: Fly out, F5 (Popup, 56S, EV 81.2 MPH)
Batting: RHB Orion Roby 0-0: Ball
1-0: Ball
2-0: Foul Ball, location: 2F
2-1: Ball
3-1: SINGLE (Flyball, 8RS, EV 95.6 MPH)
Morgan McManus to second
Batting: LHB Harrison Ruto 0-0: DOUBLE (Line Drive, 78D, EV 106.9 MPH)
Morgan McManus scores
Orion Roby to third
Runner from 3rd tries for Home, SAFE, throw by CF to home
Batting: RHB Carston Abidugun 0-0: Called Strike
0-1: Foul Ball, location: 2F
0-2: Ball
1-2: Ball
2-2: Ball
3-2: Foul Ball, location: 2F
3-2: Foul Ball, location: 2F
3-2: Strikes out looking
Top of the 4th over - 2 runs, 3 hits, 0 errors, 1 left on base; Frederick 2 - Camden 7
BOTTOM OF THE 4TH
Camden Sand Tigers batting - Pitching for Frederick Stars : RHP Elias Krause
Batting: SHB Evan Doyon 0-0: Ball
1-0: Ground out 5-3 (Groundball, 56S, EV 82.5 MPH)
Batting: RHB Cale Bacon 0-0: Foul Ball, location: 2F
0-1: Ground out 5-3 (Groundball, 56S, EV 85.0 MPH)
Batting: LHB Cody Griggs 0-0: Ball
1-0: Called Strike
1-1: Ball
2-1: Foul Ball, location: 2F
2-2: Strikes out swinging
Bottom of the 4th over - 0 runs, 0 hits, 0 errors, 0 left on base; Frederick 2 - Camden 7
TOP OF THE 5TH
Frederick Stars batting - Pitching for Camden Sand Tigers : RHP Hazen Reyes
Batting: SHB Lane Nixon 0-0: Ball
1-0: Foul Ball, location: 2F
1-1: Fly out, F8 (Flyball, 8LD, EV 94.4 MPH)
Batting: RHB Mitchell Metz 0-0: Called Strike
0-1: Ball
1-1: Swinging Strike
1-2: Foul Ball, location: 2F
1-2: Strikes out swinging
Batting: RHB Wyatt Merica 0-0: Ball
1-0: Ball
2-0: Swinging Strike
2-1: Foul Ball, location: 2F
2-2: Fly out, F7 (Flyball, 7LS, EV 85.6 MPH)
Top of the 5th over - 0 runs, 0 hits, 0 errors, 0 left on base; Frederick 2 - Camden 7
BOTTOM OF THE 5TH
Camden Sand Tigers batting - Pitching for Frederick Stars : RHP Elias Krause
Batting: RHB Arel Dennis 0-0: Ball
1-0: Called Strike
1-1: Swinging Strike
1-2: Ball
2-2: Ball
3-2: Foul Ball, location: 2F
3-2: Fly out, F8 (Flyball, 8LM, EV 90.6 MPH)
Batting: LHB Bradley Campbell 0-0: Ball
1-0: Ground out U3 (Groundball, 13, EV 91.9 MPH)
Batting: RHB Devin Brazelton 0-0: Foul Ball, location: 2F
0-1: Ball
1-1: Ball
2-1: Foul Ball, location: 2F
2-2: Ball
3-2: Reached on error, E6 (Groundball, 6, EV 81.9 MPH)
Pitching: LHP Tyrek Hali
Batting: RHB Sylvester Krantz 0-0: SINGLE (Groundball, 6D, EV 105.6 MPH)
Devin Brazelton to second
Batting: SHB Jared Manning 0-0: Called Strike
0-1: Swinging Strike
0-2: Fly out, F3 (Popup, 3D, EV 59.4 MPH)
Bottom of the 5th over - 0 runs, 1 hit, 1 error, 2 left on base; Frederick 2 - Camden 7
TOP OF THE 6TH
Frederick Stars batting - Pitching for Camden Sand Tigers : RHP Hazen Reyes
Batting: LHB Brad Moore 0-0: Foul Ball, location: 2F
0-1: Called Strike
0-2: SINGLE (Groundball, 4M, EV 108.8 MPH) (infield hit)
Batting: RHB Morgan McManus 0-0: Ball
1-0: Ball
2-0: Called Strike
2-1: Foul Ball, location: 2F
2-2: Foul Ball, location: 2F
2-2: Foul Ball, location: 2F
2-2: Grounds into double play, 6-4-3 (Groundball, 6, EV 97.5 MPH)
Batting: RHB Fabyon Choi 0-0: Foul Ball, location: 2F
0-1: Ball
1-1: Foul Ball, location: 2F
1-2: Ball
2-2: Foul Ball, location: 2F
2-2: Ground out 6-3 (Groundball, 6, EV 83.8 MPH)
Top of the 6th over - 0 runs, 1 hit, 0 errors, 0 left on base; Frederick 2 - Camden 7
BOTTOM OF THE 6TH
Camden Sand Tigers batting - Pitching for Frederick Stars : LHP Tyrek Hali
Batting: RHB Justyn Wylie 0-0: Foul Ball, location: 2F
0-1: Ball
1-1: Swinging Strike
1-2: Ball
2-2: Foul Ball, location: 2F
2-2: Strikes out swinging
Batting: SHB Evan Doyon 0-0: Called Strike
0-1: SINGLE (Groundball, 6MD, EV 110.0 MPH)
Batting: RHB Cale Bacon 0-0: Ball
1-0: Fly out, F9 (Flyball, 9, EV 90.6 MPH)
Batting: LHB Cody Griggs 0-0: Foul Ball, location: 2F
0-1: Ball
1-1: Swinging Strike
1-2: Ball
Evan Doyon steals 2nd base
2-2: Strikes out swinging
Bottom of the 6th over - 0 runs, 1 hit, 0 errors, 1 left on base; Frederick 2 - Camden 7
TOP OF THE 7TH
Frederick Stars batting - Pitching for Camden Sand Tigers : RHP Hazen Reyes
Batting: RHB Orion Roby 0-0: Called Strike
0-1: Foul Ball, location: 2F
0-2: Foul Ball, location: 2F
0-2: Ball
1-2: Ball
2-2: Foul Ball, location: 2F
2-2: Strikes out swinging
Pitching: RHP Micheal Powers
Batting: LHB Harrison Ruto 0-0: Ball
1-0: Called Strike
1-1: Called Strike
1-2: Ball
2-2: Fly out, F7 (Flyball, 7D, EV 95.6 MPH)
Batting: RHB Carston Abidugun 0-0: Ball
1-0: Foul Ball, location: 2F
1-1: Ball
2-1: Foul Ball, location: 2F
2-2: Ball
3-2: Strikes out swinging
Top of the 7th over - 0 runs, 0 hits, 0 errors, 0 left on base; Frederick 2 - Camden 7
BOTTOM OF THE 7TH
Camden Sand Tigers batting - Pitching for Frederick Stars : LHP Tyrek Hali
Batting: RHB Arel Dennis 0-0: Ball
1-0: Ground out 4-3 (Groundball, 4, EV 89.4 MPH)
Batting: LHB Bradley Campbell 0-0: Foul Ball, location: 2F
0-1: Foul Ball, location: 2F
0-2: Strikes out swinging
Batting: RHB Devin Brazelton 0-0: Ball
1-0: Ball
2-0: Called Strike
2-1: Swinging Strike
2-2: Strikes out swinging
Bottom of the 7th over - 0 runs, 0 hits, 0 errors, 0 left on base; Frederick 2 - Camden 7
TOP OF THE 8TH
Frederick Stars batting - Pitching for Camden Sand Tigers : RHP Micheal Powers
Batting: SHB Lane Nixon 0-0: Ball
1-0: Ball
2-0: Foul Ball, location: 2F
2-1: Ball
3-1: Ground out 4-3 (Groundball, 34, EV 79.4 MPH)
Batting: RHB Mitchell Metz 0-0: Ball
1-0: Called Strike
1-1: Ball
2-1: Foul Ball, location: 2F
2-2: Strikes out swinging
Batting: RHB Wyatt Merica 0-0: Swinging Strike
0-1: Ball
1-1: Ball
2-1: Fly out, F7 (Line Drive, 78M, EV 85.6 MPH)
Top of the 8th over - 0 runs, 0 hits, 0 errors, 0 left on base; Frederick 2 - Camden 7
BOTTOM OF THE 8TH
Camden Sand Tigers batting - Pitching for Frederick Stars : LHP Tyrek Hali
Batting: RHB Sylvester Krantz 0-0: Ground out 4-3 (Groundball, 34, EV 104.4 MPH)
Batting: SHB Jared Manning 0-0: Ball
1-0: Ball
2-0: DOUBLE (Groundball, 3L, EV 94.4 MPH)
Pitching: RHP Mason LaQuaglia
Batting: RHB Justyn Wylie 0-0: Ball
1-0: Ball
2-0: Ball
3-0: Called Strike
3-1: Called Strike
3-2: Base on Balls
Batting: SHB Evan Doyon 0-0: Called Strike
0-1: Called Strike
0-2: Strikes out swinging
Batting: RHB Cale Bacon 0-0: Called Strike
0-1: SINGLE (Line Drive, 89S, EV 99.4 MPH)
Jared Manning to third
Justyn Wylie to second
Runner from 3rd tries for Home, throw by RF and OUT! 9-2
Bottom of the 8th over - 0 runs, 2 hits, 0 errors, 2 left on base; Frederick 2 - Camden 7
TOP OF THE 9TH
Frederick Stars batting - Pitching for Camden Sand Tigers : RHP Micheal Powers
Batting: LHB Brad Moore 0-0: Ball
1-0: Ball
2-0: SINGLE (Line Drive, 9S, EV 100.6 MPH)
Batting: RHB Morgan McManus 0-0: Called Strike
0-1: Ball
1-1: Grounds into double play, 5-4-3 (Groundball, 56, EV 85.0 MPH)
Batting: RHB Fabyon Choi 0-0: Ball
1-0: Ground out U3 (Groundball, 23, EV 86.9 MPH)
Top of the 9th over - 0 runs, 1 hit, 0 errors, 0 left on base; Frederick 2 - Camden 7
Saturday, March 23rd , 2024 - OOTP Baseball 23.10 Build 110